 Dungeon Crawl Stone Soup version 0.30-a0-23-ge60ba3568b (webtiles) character file.

Game seed: 6855999104080800913

221 melkoren the Poker (level 5, -1/41 HPs)
             Began as a Demonspawn Gladiator on Aug 25, 2022.
             Was an Initiate of Gozag.
             Slain by Edmund
             ... wielding a +1 flail of protection
              (8 damage)
             ... on level 4 of the Dungeon.
             The game lasted 00:13:10 (3961 turns).

melkoren the Poker (Demonspawn Gladiator)           Turns: 3961, Time: 00:13:11

Health: -1/41      AC: 14    Str: 16    XL:     5   Next: 65%
Magic:  5/5        EV:  5    Int:  9    God:    Gozag
Gold:   553        SH:  8    Dex: 15    Spells: 4/4 levels left

rFire   . . .      SeeInvis .    a - +0 trident
rCold   . . .      Faith    .    p - +0 kite shield
rNeg    . . .      Spirit   .    g - +0 plate armour
rPois   .          Reflect  .    c - +0 helmet
rElec   .          Harm     .    h - +0 cloak
rCorr   .          Rampage  .    l - +0 pair of gloves
Will    .....                    (no boots)
Stlth   ..........               A - amulet of the acrobat
HPRegen 0.13/turn                (no ring)
MPRegen 0.09/turn                (no ring)

@: no status effects
A: hooves 1, powered by death 1, sturdy frame 1
a: Renounce Religion, Potion Petition, Call Merchant, Bribe Branch


You were on level 4 of the Dungeon.
You worshipped Gozag.
Gozag was pleased with you.
You visited 1 branch of the dungeon, and saw 4 of its levels.

You collected 553 gold pieces.


Innate Abilities, Weirdness & Mutations

You have large cloven feet.
You regenerate a little health from kills.
Your movements are slightly less encumbered by armour. (ER -2)


   Skills:
 + Level 3.3 Fighting
 + Level 3.7 Polearms
 - Level 1.7 Throwing
 + Level 2.3 Armour
 - Level 3.1 Dodging
 + Level 1.7 Shields


You had 4 spell levels left.
You didn't know any spells.
Your spell library contained the following spells:

 Spells                   Type           Power      Damage    Failure   Level
 Beastly Appendage        Tmut           0%         N/A       100%        1
 Wereblood                Tmut           0%         N/A       100%        2
 Gell's Gravitas          Tloc           0%         N/A       100%        3
 Lesser Beckoning         Tloc           0%         N/A       100%        3
 Spider Form              Tmut/Pois      0%         N/A       100%        3
 Teleport Other           Tloc           0%         N/A       100%        3

Inventory:

Hand Weapons
 a - a +0 trident (weapon)
 i - a +0 halberd
   (You took it off a gnoll on level 3 of the Dungeon)
Missiles
 d - 6 throwing nets {=f!f}
 e - a javelin
 j - 37 stones
 x - 4 boomerangs (quivered)
 y - 6 poisoned darts
Armour
 b - a +0 scale mail
   (You found it on level 4 of the Dungeon)
 c - a +0 helmet (worn)
 g - a +0 plate armour (worn)
   (You found it on level 2 of the Dungeon)
 h - a +0 cloak (worn)
   (You found it on level 4 of the Dungeon)
 k - a +0 chain mail
   (You took it off an orc on level 4 of the Dungeon)
 l - a +0 pair of gloves (worn)
   (You found it on level 2 of the Dungeon)
 m - a +0 leather armour
   (You took it off an orc on level 4 of the Dungeon)
 n - a +0 robe
   (You took it off an orc wizard on level 4 of the Dungeon)
 p - a +0 kite shield (worn)
   (You found it on level 2 of the Dungeon)
 s - a +0 chain mail
   (You took it off an orc on level 4 of the Dungeon)
Jewellery
 A - an amulet of the acrobat (around neck)
   (You found it on level 1 of the Dungeon)
Wands
 w - a wand of polymorph (3)
   (You found it on level 2 of the Dungeon)
Scrolls
 f - a scroll of brand weapon {unknown}
 o - a scroll of enchant weapon {unknown}
 q - 2 scrolls of identify {@r1}
 r - 2 scrolls of amnesia
Potions
 t - a potion of mutation {unknown}

Dungeon Overview and Level Annotations

Branches:
Dungeon (4/15) Zot: 19940
 Temple: D:4-7

Altars:
Gozag
Uskayaw

Annotations:
D:4 Edmund

......)###.#.............# #.#
...........#.#########.######.#
####...#####.#.....# #...)....#
#...# #.#.###.# ##########
#...# #.#...#.# #...# #.###.#.#
#...# #.......# #...# #####.###
#...# #@# #...# #.@...... #...#
######### #####


You could see Edmund.


Message History

You now have 545 gold pieces (gained 6).
You see here a +0 dagger.
You see here a +0 dagger.
You now have 553 gold pieces (gained 8).
You see here a +0 dagger.
Edmund the Younger comes into view.
He is wielding a +1 flail of protection.
Edmund shouts!
Reach: a) +0 trident
Press: ? - help, Dir - move target, f - Edmund
Aim: Edmund, wielding a +1 flail of protection and wearing a +0 scale mail (about 37% to evade your +0 trident)
You closely miss Edmund. Your kick misses Edmund.
Edmund hits you with a +1 flail of protection. 😕 HP[-5]
You take 5 damage, and now have 36/41 hp.
Reach: a) +0 trident
Press: ? - help, Dir - move target, f/p - Edmund
Aim: Edmund, wielding a +1 flail of protection and wearing a +0 scale mail (about 37% to evade your +0 trident)
You hit Edmund but do no damage. You kick Edmund, but do no damage.
Edmund hits you with a +1 flail of protection. 😕 HP[-4]
You take 4 damage, and now have 32/41 hp.
Reach: a) +0 trident
Press: ? - help, Dir - move target, f/p - Edmund
Aim: Edmund, wielding a +1 flail of protection and wearing a +0 scale mail (about 37% to evade your +0 trident)
You hit Edmund.
Edmund hits you with a +1 flail of protection. 😮 HP[-2]
You take 2 damage, and now have 30/41 hp.
Reach: a) +0 trident
Press: ? - help, Dir - move target, f/p - Edmund
Aim: Edmund, wielding a +1 flail of protection and wearing a +0 scale mail (lightly wounded, about 37% to evade your +0 trident)
You hit Edmund but do no damage. You kick Edmund, but do no damage.
You block Edmund's attack. Edmund hits you but does no damage.
Reach: a) +0 trident
Press: ? - help, Dir - move target, f/p - Edmund
Aim: Edmund, wielding a +1 flail of protection and wearing a +0 scale mail (lightly wounded, about 37% to evade your +0 trident)
You barely miss Edmund. Your kick misses Edmund.
You block Edmund's attack. 😕 HP[+1] Reach: a) +0 trident
Press: ? - help, Dir - move target, f/p - Edmund
Aim: Edmund, wielding a +1 flail of protection and wearing a +0 scale mail (lightly wounded, about 37% to evade your +0 trident)
You hit Edmund but do no damage. Edmund hits you but does no damage.
Reach: a) +0 trident
Press: ? - help, Dir - move target, f/p - Edmund
Aim: Edmund, wielding a +1 flail of protection and wearing a +0 scale mail (lightly wounded, about 37% to evade your +0 trident)
You hit Edmund. You kick Edmund, but do no damage.
Edmund hits you with a +1 flail of protection!
Edmund hits you but does no damage. 😮 HP[-7]
You take 7 damage, and now have 24/41 hp.
You closely miss Edmund. You kick Edmund, but do no damage.
Edmund completely misses you.
You closely miss Edmund. You kick Edmund, but do no damage.
You block Edmund's attack.
You hit Edmund but do no damage. You kick Edmund, but do no damage.
Edmund hits you with a +1 flail of protection.
* * * LOW HITPOINT WARNING * * *
Edmund hits you but does no damage. 😨 HP[-4]
You take 4 damage, and now have 20/41 hp.
You hit Edmund but do no damage.
Edmund hits you with a +1 flail of protection.
* * * LOW HITPOINT WARNING * * *
😨 HP[-3]
You take 3 damage, and now have 17/41 hp.
You hit Edmund but do no damage. You kick Edmund.
Edmund hits you with a +1 flail of protection.
* * * LOW HITPOINT WARNING * * *
😨 HP[-3]
You take 3 damage, and now have 14/41 hp.
You barely miss Edmund. Edmund completely misses you.
Edmund hits you but does no damage.
You hit Edmund but do no damage. You block Edmund's attack.
You completely miss Edmund. You kick Edmund, but do no damage.
Edmund barely misses you.
You hit Edmund. Your kick misses Edmund.
Edmund mutters, "Who needs spells, anyway?"
Edmund hits you with a +1 flail of protection.
* * * LOW HITPOINT WARNING * * *
Edmund hits you but does no damage. 😨 HP[-3]
You take 3 damage, and now have 11/41 hp.
You hit Edmund but do no damage. You kick Edmund, but do no damage.
Edmund hits you but does no damage. 😨 HP[+1] Unknown command.
You hit Edmund but do no damage. You kick Edmund, but do no damage.
Edmund hits you with a +1 flail of protection.
* * * LOW HITPOINT WARNING * * *
😱 HP[-5]
You take 5 damage, and now have 7/41 hp.
You hit Edmund but do no damage. Edmund barely misses you.
You block Edmund's attack.
You hit Edmund but do no damage. You kick Edmund, but do no damage.
Edmund barely misses you.
You hit Edmund.
Edmund grinds his teeth, and then sighs.
Edmund hits you with a +1 flail of protection!
You die...
Your body crumbles into a pile of gold.

Skill      XL: |  1  2  3  4  5 |
---------------+----------------+-----
Polearms       | 3 |  3.7
Dodging        | 3 |  3.1
Armour         | 1 2 |  2.3
Shields        | 1 |  1.7
Fighting       | 3 |  3.3
Throwing       | |  1.7

Action                   |  1- 3 |  4- 6 || total
-------------------------+-------+-------++-------
Melee: Trident           |   158 |   164 ||   322
       Punch             |     3 |       ||     3
       Kick              |       |    25 ||    25
Throw: Boomerang         |     4 |       ||     4
  Use: Scroll            |     2 |     2 ||     4
       Potion            |       |     4 ||     4
Armor: Leather armour    |    25 |       ||    25
       Plate armour      |    32 |    74 ||   106
       Chain mail        |     1 |       ||     1
Dodge: Dodged            |    86 |    31 ||   117
Block: Kite shield       |    20 |    47 ||    67

Levels and vault maps discovered:
D:1:      minmay_arrival_semitransparent, layout_loops_corners,
          minmay_pentomino_u2
D:2:      layout_basic, shapermc_ecumenical_altar_starsandcircs
D:3:      layout_basic
D:4:      layout_basic, mainiacjoe_overflow_six_doors_small, uniq_edmund

Notes
Turn   | Place    | Note
-------+----------+-------------------------------------------
     0 | D:1      | melkoren the Demonspawn Gladiator began the quest for the
                  | Orb.
     0 | D:1      | Reached XP level 1. HP: 16/16 MP: 1/1
     0 | D:1      | magus.rc [v1.11.3]
    77 | D:1      | Gained mutation: Your movements are slightly less
                  | encumbered by armour. (ER -2) [demonic ancestry]
    77 | D:1      | Reached XP level 2. HP: 8/22 MP: 2/2
   563 | D:1      | Reached skill level 3 in Polearms
   678 | D:1      | Reached skill level 3 in Dodging
   684 | D:1      | Reached skill level 1 in Armour
   733 | D:1      | Gained mutation: You regenerate a little health from kills.
                  | [demonic ancestry]
   733 | D:1      | Reached XP level 3. HP: 27/28 MP: 3/3
  1230 | D:2      | Found a faded altar of an unknown god.
  1468 | D:2      | Prayed at the altar of an unknown god.
  1468 | D:2      | Became a worshipper of Gozag Ym Sagoz the Greedy
  1587 | D:2      | You pick up a book of Displacement and begin reading...
  1587 | D:2      | You add the spells Lesser Beckoning, Gell's Gravitas and
                  | Teleport Other to your library.
  1784 | D:2      | You pick up a book of Changes and begin reading...
  1784 | D:2      | You add the spells Beastly Appendage, Wereblood and Spider
                  | Form to your library.
  1809 | D:2      | Reached XP level 4. HP: 34/34 MP: 4/4
  2514 | D:3      | Reached skill level 1 in Shields
  2525 | D:3      | Reached skill level 3 in Fighting
  2951 | D:3      | Gained mutation: You have large cloven feet. [demonic
                  | ancestry]
  2951 | D:3      | Reached XP level 5. HP: 41/41 MP: 5/5
  3127 | D:4      | Reached skill level 2 in Armour
  3232 | D:4      | Found a hide-covered altar of Uskayaw.
  3940 | D:4      | Noticed Edmund
  3958 | D:4      | HP: 7/41 [Edmund/+1 flail of protection (5)]
  3961 | D:4      | Slain by Edmund

Vanquished Creatures
  An orc priest (D:4)
  An orc wizard (D:4)
  3 gnolls (D:3)
  2 adders
  A worm (D:2)
  3 dart slugs (D:3)
  9 orcs
  8 endoplasms
  3 giant cockroaches
  12 goblins
  8 hobgoblins
  10 jackals
  4 kobolds
  5 quokkas
  9 ball pythons
  4 bats
  4 frilled lizards (D:1)
  7 rats
94 creatures vanquished.

Table legend:
 A = Non-vault XP
 B = Vault XP
 C = Vault XP percentage of total XP
 D = Non-vault monster count
 E = Vault monster count
 F = Vault count percentage of total count
                 A         B        C        D         E       F
            +---------+---------+-------+---------+---------+-------
      Total |     313 |       4 |   1.3 |      92 |       2 |   2.1
            +---------+---------+-------+---------+---------+-------
        D:1 |      53 |       2 |   3.6 |      32 |       1 |   3.0
        D:2 |      40 |       2 |   4.8 |      15 |       1 |   6.2
        D:3 |     106 |       0 |   0.0 |      26 |       0 |   0.0
        D:4 |     114 |       0 |   0.0 |      19 |       0 |   0.0
            +---------+---------+-------+---------+---------+-------

Illustrated notes

Table legend:
 A = Kills in this place as a percentage of kills in entire the game.
 B = Kills by you in this place as a percentage of kills by you in the entire game.
 C = Kills by friends in this place as a percentage of kills by friends in the entire game.
 D = Other kills in this place as a percentage of other kills in the entire game.
 E = Experience gained in this place as a percentage of experience gained in the entire game.
 F = Experience gained in this place divided by the number of levels of this place that you have seen.
                   A       B       C       D       E      F
               +-------+-------+-------+-------+-------+----------------------
         Total | 100.0 | 100.0 |   N/A |   N/A | 100.0 |  79.2
       Dungeon | 100.0 | 100.0 |   N/A |   N/A | 100.0 |  79.2
               +-------+-------+-------+-------+-------+----------------------

Table legend: (Time is in decaauts)
 A = Elapsed time spent in this place.
 B = Non-inter-level travel time spent in this place.
 C = Inter-level travel time spent in this place.
 D = Time resting spent in this place.
 E = Time spent auto-exploring this place.
 F = Levels seen in this place.
 G = Mean time per level.
                   A        B        C        D        E       F      G
               +--------+--------+--------+--------+--------+-----+--------+
         Total |   4058 |   4027 |     31 |    448 |   2630 |   4 | 1014.5 |
       Dungeon |   4058 |   4027 |     31 |    448 |   2630 |   4 | 1014.5 |
               +--------+--------+--------+--------+--------+-----+--------+

Top non-repeatable levels by time:
     D:1: 1243 daAuts
     D:3: 1014 daAuts
     D:4: 951 daAuts
     D:2: 849 daAuts
